[Event "Charlotte Summer IM C 2022"]
[Site "Charlotte"]
[Date "2022.07.25"]
[Round "2.5"]
[White "Venkat, Raghav"]
[Black "Rodrigue-Lemieux, Shawn"]
[Result "0-1"]
[ECO "B14"]
[WhiteElo "2227"]
[BlackElo "2366"]
[Annotator "TA"]
[PlyCount "76"]
[EventDate "2022.07.24"]
[EventType "tourn"]
[EventCountry "USA"]
[SourceTitle "playchess.com"]
[Source "ChessBase"]
[SourceQuality "1"]
[TimeControl "5400+30"]

1. e4 c6 2. d4 d5 3. exd5 cxd5 4. c4 Nf6 5. Nc3 e6 6. Nf3 Bb4 7. cxd5 Nxd5 8. Bd2 Nc6 9. Bb5 O-O {[%emt 0:00:30] B14: Caro-Kann: Panov-Botvinnik Attack with 5...e6 and 5...g6.} 10. Bxc6 bxc6 11. O-O Nxc3 {[%emt 0:01:00] [#] Black is slightly better.} 12. Bxc3 $146 ({Predecessor:} 12. bxc3 Bd6 13. Ng5 h6 14. Ne4 Bxh2+ 15. Kxh2 Qh4+ 16. Kg1 Qxe4 17. Re1 Qf5 18. Re3 {0-1 (29) Bondarev,B (1923)-Bykova,A (2191) Sochi 2019}) 12... Bxc3 13. bxc3 Qa5 14. Ne5 c5 15. Qf3 Ba6 16. Rfd1 cxd4 17. cxd4 Rac8 18. h3 Rc2 19. Rdc1 Rxc1+ 20. Rxc1 Qxa2 21. Qf4 Bb5 22. Rc7 Be8 23. Nc4 Qb1+ 24. Kh2 Qb8 25. Qd6 {[%emt 0:01:00] Against Bc6} (25. d5 $11 exd5 26. Ne3) 25... Bb5 $36 {[%emt 0:00:30][%mdl 2048] Hoping for ...Bxc4. Black is in control.} 26. Ne5 {[%emt 0:00:30] [#]} Rc8 $1 27. Rxc8+ Qxc8 {[%emt 0:00:00][%mdl 4096] Endgame KQB-KQN} 28. Qe7 f6 29. Ng4 {[%emt 0:01:30] Now White is beyond hope.} (29. Qf7+ $17 Kh8 30. Ng4) 29... a5 $19 30. Ne3 Bc6 {[%emt 0:00:00] Prevents d5.} 31. Qc5 a4 32. Kg1 Qa8 33. Qa3 Bd5 34. Kf1 Bb3 {[%emt 0:00:00] And now ...Qf8 would win.} 35. Ke2 Qf8 36. Qc1 (36. Qxf8+ Kxf8 37. Kd3) 36... a3 {[%emt 0:00:00] Black is clearly winning.} 37. Nf1 (37. Nc2 $142 Qc8 38. Kd2) 37... a2 {[%emt 0:00:00] [#] ...Qa8 is the strong threat.} 38. Nd2 Bd5 {[%emt 0:00:00] Weighted Error Value: White=0.43/Black=0.06 (flawless)} 0-1

[Event "Charlotte Summer IM C 2022"]
[Site "Charlotte"]
[Date "2022.07.26"]
[Round "3.1"]
[White "Rodrigue-Lemieux, Shawn"]
[Black "Huston, Gus"]
[Result "1-0"]
[ECO "A14"]
[WhiteElo "2366"]
[BlackElo "2282"]
[Annotator "TA"]
[PlyCount "129"]
[EventDate "2022.07.24"]
[EventType "tourn"]
[EventCountry "USA"]
[SourceTitle "playchess.com"]
[Source "ChessBase"]
[SourceQuality "1"]
[TimeControl "5400+30"]

1. c4 e6 2. g3 d5 3. Bg2 Nf6 4. Nf3 Be7 5. O-O O-O 6. b3 d4 7. Bb2 c5 8. e3 Nc6 9. exd4 cxd4 10. Re1 Re8 {[%emt 0:00:08] 10...Bc5 is the modern continuation.} 11. Ne5 {[%emt 0:03:10] A14: English Opening: 1...e6 with b3 by White.} Nxe5 12. Rxe5 Nd7 13. Re1 {[%emt 0:03:50] The position is equal.} e5 14. d3 Bb4 15. Re2 Bf8 16. Qe1 Qb6 {[%emt 0:03:37] [#]} 17. Nd2 $146 ({Predecessor:} 17. Ba3 Qg6 18. f4 Bxa3 19. Nxa3 Nc5 20. Rxe5 Bd7 21. Nb5 Nxd3 22. Rxe8+ Rxe8 23. Qf1 Bg4 24. Nxd4 {0-1 (49) Sowul,B (2224)-Goluch,P (2418) Suwalki 2019}) 17... Nc5 18. Rxe5 Rxe5 19. Qxe5 Nxd3 20. Qxd4 Nxb2 21. Qxb2 Bc5 ({Black should try} 21... Be6 $14) 22. Rf1 Bf5 {[%emt 0:01:55] [#]} 23. Ne4 $1 Bd4 24. Qd2 Rd8 25. Nc3 Qa5 26. Rd1 {[%emt 0:00:28] And now Nd5 would win.} Bb6 {[%emt 0:07:32] [#]} (26... Bf6 $16 27. Qe3 Rxd1+ 28. Nxd1 Qd8) 27. Qe2 $1 $18 {[%emt 0:10:35] Threatening mate with Rxd8+.} Be6 28. Nd5 Bc5 29. Be4 $40 {[%emt 0:04:17][%cal Ob3b4][%mdl 128] White has strong attack.} Re8 30. Qc2 h6 31. Kg2 Bc8 (31... Bxd5 $16 {keeps fighting.} 32. Rxd5 (32. cxd5 Qb6 $16) (32. Bxd5 Re7 $16) 32... Qc7) 32. a4 (32. Bh7+ $18 Kh8 33. Bf5) 32... Bg4 $16 33. Bf3 Bc8 34. h3 Qd8 (34... Bf8 $16 35. Qd3 Be6) 35. b4 $18 Bf8 36. c5 Qg5 37. Nf4 Qf6 38. Bd5 Re5 39. Qc4 Qf5 40. Bf3 {[%emt 0:01:02] Rd8 is the strong threat.} Qg5 {[%emt 0:02:10] Against Rd8} 41. Rd5 Rxd5 42. Bxd5 (42. Qxd5 a5 $16) 42... Qf5 43. Be4 (43. g4 $18 Qf6 44. Qe4) 43... Qd7 $16 44. b5 g5 45. c6 bxc6 46. bxc6 Qd6 47. Nd5 {[%emt 0:00:55] Hoping for Qd4.} Qe5 48. Ne3 {[%emt 0:01:16] aiming for Bd5.} Kg7 (48... Bc5 $16 49. Ng4 Bxg4 50. hxg4 Qe7) 49. Bd5 $18 f5 50. Bf3 ({White should play} 50. Qd3 $18) 50... Bd6 $16 51. Qd3 {[%emt 0:00:39] Black must now prevent Nc4.} Bc7 52. Nd5 Bd6 53. Nc3 a6 (53... Bc5 $16 54. Nd5 Qb2) 54. Nd5 $18 Bc5 {[%emt 0:03:06] Inhibits Nb6.} (54... Be6 $142 55. Nb6 Bc7) 55. Qc4 Ba7 56. c7 Qb2 (56... a5 $142 57. g4 fxg4 58. Bxg4 (58. hxg4 Qb2 $18) 58... Bb7) 57. Qe2 {[%emt 0:01:45] Active counter play!} Qxe2 58. Bxe2 {[%emt 0:00:01][%mdl 4096] Endgame KBB-KBN} Bb7 59. Bf3 g4 60. hxg4 fxg4 61. Be4 {[%emt 0:00:01] Threatens to win with a5.} ({Weaker is} 61. Bxg4 Bxd5+ 62. Kh3 Bb7 $16) 61... Bc5 62. Kg1 {[%emt 0:01:02][%cal Od5e7] Strongly threatening Ne7!} Kf7 {[%emt 0:01:50] [#] Prevents Ne7.} (62... Bc8 63. a5 Bd6) 63. Ne7 $1 {[%emt 0:00:32][%mdl 512] White is clearly winning.} Bd6 64. Bxb7 Bxc7 65. Nd5 {Weighted Error Value: White=0.17 (very precise) /Black=0.30} 1-0

[Event "Charlotte Summer IM C 2022"]
[Site "Charlotte"]
[Date "2022.07.26"]
[Round "3.2"]
[White "Luo, Terry"]
[Black "Venkat, Raghav"]
[Result "1/2-1/2"]
[ECO "E02"]
[WhiteElo "2204"]
[BlackElo "2227"]
[Annotator "TA"]
[PlyCount "56"]
[EventDate "2022.07.24"]
[EventType "tourn"]
[EventCountry "USA"]
[SourceTitle "playchess.com"]
[Source "ChessBase"]
[SourceQuality "1"]
[TimeControl "5400+30"]

1. d4 Nf6 2. c4 e6 3. g3 d5 4. Bg2 dxc4 5. Nf3 Nc6 6. Qa4 Bd7 7. Qxc4 Bd6 {[%emt 0:00:43] E02: Open Catalan: 5 Qa4+.} 8. O-O O-O 9. Nc3 a6 {[%emt 0:03:19] White is slightly better.} 10. Bg5 h6 11. Bxf6 Qxf6 12. Ne4 Qe7 13. Nxd6 cxd6 {[%emt 0:01:27] The position is equal.} 14. Rac1 Rfc8 {[%emt 0:00:36] [#]} 15. Qb3 $146 ({Predecessor:} 15. Qd3 Nb4 16. Qd2 Nd5 17. Rxc8+ Rxc8 18. Rc1 Bc6 19. Ne1 Nf6 20. Nd3 Qd7 21. Bxc6 Rxc6 22. Rxc6 Qxc6 {0-1 (52) Topp,M-Winterstein,H Hamburg 1997}) 15... Rab8 16. e4 d5 17. exd5 exd5 18. a3 Be6 19. Rfe1 Qf6 20. Qe3 Qd8 21. Ne5 Qb6 22. Nxc6 Rxc6 23. Qe5 Rbc8 24. Rxc6 Qxc6 25. h4 Qb5 26. b4 Rc3 27. Re3 Rc1+ 28. Re1 Rc3 {[%emt 0:01:23] Weighted Error Value: White=0.05 (flawless) /Black=0.04 (flawless)} 1/2-1/2

[Event "Charlotte Summer IM C 2022"]
[Site "Charlotte"]
[Date "2022.07.26"]
[Round "3.3"]
[White "Xie, Bryan"]
[Black "Wen, Tommy"]
[Result "0-1"]
[ECO "B42"]
[WhiteElo "2191"]
[BlackElo "2040"]
[Annotator "TA"]
[PlyCount "84"]
[EventDate "2022.07.24"]
[EventType "tourn"]
[EventCountry "USA"]
[SourceTitle "playchess.com"]
[Source "ChessBase"]
[SourceQuality "1"]
[TimeControl "5400+30"]

1. e4 c5 2. Nf3 e6 3. d4 cxd4 4. Nxd4 a6 5. Bd3 Bc5 6. Nb3 Ba7 7. Qe2 Ne7 {[%emt 0:00:18] B42: Sicilian: Kan Variation: 5 Bd3.} 8. Be3 O-O 9. Nc3 {[%emt 0:00:16] 9.Bxa7 is a critical line.} b5 {[%emt 0:00:24][%cal Bb7b5,Bb5b4][%mdl 32] [#] White has an edge.} 10. O-O-O $146 (10. Bxa7 $142 Rxa7 11. e5) ({Predecessor:} 10. O-O Nbc6 11. f4 d6 12. a3 Qc7 13. Rad1 Rb8 14. Bxa7 Qxa7+ 15. Qf2 Qc7 16. f5 {0-1 (49) Charmeteau,S (2310)-Harsha,B (2547) Paris 2022}) 10... b4 $11 11. Na4 d6 {[%emt 0:00:53] [#] aiming for ...Bd7.} 12. e5 {[%emt 0:05:29] Black must now prevent Bg5.} d5 13. Bg5 Qc7 $1 14. Bxh7+ $2 Kxh7 $19 15. Rd3 {[%emt 0:00:48] [#]} (15. Qh5+ $142 Kg8 16. Bxe7 Qxe7 17. Rd3) 15... Rh8 $1 ({Less strong is} 15... Kg8 16. Rh3 Nd7 17. Bxe7 Qxe5 18. Qxe5 (18. Qd3 f6 $16) 18... Nxe5 19. Bxf8 (19. Bxb4 Re8 $14) 19... Kxf8 20. Rh8+ Ke7 21. Nac5 $16) 16. h4 (16. Rh3+ $142 Kg8 17. Rxh8+ Kxh8 18. h4) 16... Nbc6 ({Wrong is} 16... Kg8 $2 17. h5 $19) 17. h5 Qxe5 18. Qxe5 Nxe5 19. Bxe7 Nxd3+ 20. cxd3 Bxf2 21. Bxb4 e5 22. Rf1 Be3+ 23. Bd2 Bxd2+ 24. Kxd2 f6 25. h6 d4 ({Don't blunder} 25... gxh6 $2 26. Rxf6 Rg8 27. Rf7+ Kg6 28. Rf2 $19) 26. Nbc5 Rb8 27. b3 a5 28. Nb2 Bb7 29. Nxb7 Rxb7 {[%emt 0:00:09][%mdl 4096] Endgame KRR-KRN} 30. Nc4 Ra8 31. hxg7 Kxg7 32. g4 (32. Kc2 {was called for.}) 32... a4 33. bxa4 Rxa4 34. a3 Rb3 35. Re1 Kg6 36. Kc2 Rc3+ 37. Kd2 Kg5 38. Re4 Rcxc4 39. dxc4 Rxa3 {[%emt 0:00:00] ( -> ...Rc3)} 40. Re1 Rc3 41. Rc1 Rxc1 42. Kxc1 Kxg4 {[%emt 0:00:00] White did not feel at home in the position after the opening.  Weighted Error Value: White=0.97/Black=0.06 (flawless)} 0-1

[Event "Charlotte Summer IM C 2022"]
[Site "Charlotte"]
[Date "2022.07.26"]
[Round "3.4"]
[White "Adewumi, Tanitoluwa"]
[Black "Rodriguez Rivera, Pedro"]
[Result "0-1"]
[ECO "B51"]
[WhiteElo "2309"]
[BlackElo "2192"]
[Annotator "TA"]
[PlyCount "208"]
[EventDate "2022.07.24"]
[EventType "tourn"]
[EventCountry "USA"]
[SourceTitle "playchess.com"]
[Source "ChessBase"]
[SourceQuality "1"]
[TimeControl "5400+30"]

1. e4 c5 2. Nf3 d6 3. Bb5+ Nd7 4. c3 a6 5. Bd3 g6 6. Bc2 {[%emt 0:00:04] B51: Sicilian: Moscow Variation (3 Bb5+) without 3...Bd7.} Bg7 7. d4 {[%emt 0:00:05] [#]} e5 $146 ({Predecessor:} 7... Qc7 8. O-O Ngf6 9. a4 O-O 10. h3 b6 11. Re1 e5 12. d5 Nh5 13. g3 Rb8 {0-1 (50) Anton Guijarro,D (2642)-Mamedov,R (2703) St Petersburg 2018}) 8. O-O {[%emt 0:00:09] White is slightly better.} Ne7 (8... Qc7 $14) 9. dxe5 $1 $16 dxe5 10. Bg5 (10. a4 $16) 10... h6 11. Bxe7 Qxe7 12. c4 Nb6 13. Nc3 O-O (13... Nxc4 $5 14. Ba4+ Kf8 $11) 14. Nd5 Qd6 15. Bd3 Nxd5 16. cxd5 b5 17. b3 {[%emt 0:01:09] Inhibits c4.} Bd7 18. Qe2 Bg4 19. Rfc1 Rfc8 20. a4 b4 21. a5 Qf6 22. Rc2 Bf8 23. h3 Bxf3 24. Qxf3 Qxf3 25. gxf3 Bd6 26. Re1 g5 27. h4 Kg7 28. Bf1 ({Better is} 28. hxg5 $16 hxg5 29. Kg2) 28... Kf6 29. hxg5+ hxg5 30. Bh3 (30. Kg2 $14) 30... Rh8 $11 31. Bg2 Rag8 32. Re3 Rh4 33. Kf1 g4 34. fxg4 Rhxg4 35. Bf3 (35. f3 $1 $15 Rg3 36. Ree2) 35... Rg1+ $17 36. Ke2 Ke7 {[%emt 0:00:00] Black is more active.} 37. Kd3 Ra1 38. Bh5 Rg5 39. Be2 Rxa5 40. Rh3 Ra3 41. Kc4 Rg2 42. Rh8 Rxf2 43. Ra8 (43. Bd3 $17 {was worth a try.} Rf3 44. Rg8) 43... Rf4 (43... f5 $19 {And now ...Rf4 would win.} 44. Ra7+ Kd8) 44. Bd3 $2 (44. Ra7+ $17 Ke8 45. Bd3) 44... Ra1 $2 (44... f5 $1 $19 45. Ra7+ Kf6) 45. Ra7+ $15 Kf8 {[%emt 0:00:00] White must now prevent ...Rf3.} 46. Ra8+ $1 Kg7 $1 {[%emt 0:00:00] Strongly threatening ...Kf6.} 47. Rd8 $1 Rf6 48. Rg2+ Kh7 (48... Rg6 $1 $15 49. Rxg6+ fxg6 50. Rd7+ (50. Rxd6 $2 Rc1+ 51. Bc2 Rxc2+ 52. Kd3 Rc3+ 53. Ke2 Rxb3 $19) 50... Kf8) 49. Rh2+ (49. Be2 $11) 49... Kg7 50. Rg2+ Kh7 (50... Rg6 $1 $15 51. Rxg6+ fxg6 52. Rd7+ (52. Rxd6 $2 Rc1+ 53. Bc2 Rxc2+ 54. Kd3 Rc3+ 55. Kd2 Rxb3 $19) 52... Kf8) 51. Rxd6 Rxd6 52. Kxc5 $11 {[%emt 0:00:17][%mdl 4096] Endgame KRR-KRB} Rd8 53. Bc4 (53. Kc6 $15) 53... a5 $17 54. Rf2 Rc8+ (54... Kg6 $19 {has better winning chances.} 55. d6 Rc1 56. Rg2+ Kh6) 55. Kb5 (55. Kb6 $142 Rd1 56. Rxf7+ Kg6 57. Rf2) 55... Rb8+ 56. Kc6 Rc8+ $2 (56... a4 $1 $17 57. d6 a3) 57. Kb5 $2 (57. Kd7 $1 $16 {[%cal Rd7c8] and life is bright.} Rxc4 58. bxc4) 57... Rb8+ (57... a4 $1 $17 58. bxa4 Rc1) 58. Kc5 $2 {[%emt 0:04:51] [#]} (58. Kc6 $11 {and White stays safe.}) 58... Rc8+ $2 ({Black should play} 58... a4 $1 $19 {Threatens to win with ...Rc1.} 59. Rxf7+ Kg6) 59. Kd6 (59. Kb5 $1 $11 {was the only way to keep the balance.}) 59... Kg6 (59... a4 $17 {Hoping for ...a3.} 60. Rh2+ Kg7 61. Rg2+ Kf6 62. Rf2+ Kg5 63. Kxe5 f6+ 64. Rxf6 axb3 65. Rf5+ Kh6 66. Bxb3 Rc3 67. Rf6+ Kg5) 60. Bb5 (60. Kd7 $11 Rb8 61. d6) 60... Rc3 (60... Rb1 $15 61. Ke7 Rc7+ 62. Kd6 Rb7) 61. Ba4 (61. Be8 $11) 61... Rb1 ({Of course not} 61... f6 62. Ke6 $14) (61... Re1 $15 62. Kxe5 Kg7 63. Rg2+ Kf8) 62. Ke7 Rc7+ 63. Kd6 (63. Kd8 $11 Rc3 64. Ke7 Rc7+ 65. Kd8) 63... Rc3 (63... Rbc1 $15) 64. Rd2 Rbxb3 (64... f6 $2 65. Ke6 $18) (64... Re1 $5 65. Ke7 Rc7+ 66. Kd6 Rc3 $17) 65. Bxb3 Rxb3 $15 {[%emt 0:00:01] KR-KR} 66. Ke7 Rc3 67. d6 b3 $2 (67... Kg5 $11) 68. d7 $18 Rc7 69. Ke8 Rxd7 {[%emt 0:00:15] [#]} 70. Kxd7 $2 {[%emt 0:03:50] KR-KP} ({White has to play} 70. Rg2+ $1 $18 Kf6 71. Kxd7) 70... a4 $2 (70... Kg5 $11) 71. Rd6+ $4 (71. Rb2 $18 Kg5 72. Kc6) 71... Kg5 72. Rb6 f5 73. exf5 Kxf5 $11 {[%emt 0:07:34] KR-K3P} 74. Rb5 $2 (74. Kd6 $11 e4 75. Rb5+ Kg4 76. Rb4) 74... Ke4 $2 (74... a3 $11 75. Rxb3 e4) 75. Rb4+ $2 (75. Kc6 $11) 75... Kd3 76. Rxa4 {[%emt 0:00:04] KR-KPP} b2 $2 (76... Kc3 $11 77. Ra6 b2 78. Rc6+ Kd3) 77. Rb4 Kc3 $2 (77... Kc2 $11 78. Kc6 b1=Q 79. Rxb1 Kxb1) 78. Re4 $2 (78. Rb6 $11) 78... b1=Q {[%emt 0:01:00] Black mates.} 79. Rxe5 {[%emt 0:01:48] KQ-KR} Kd4 80. Re6 Qh7+ 81. Kc6 Qf7 82. Kd6 Qa7 83. Kc6 Qc5+ 84. Kb7 Kd5 85. Rb6 Qe7+ 86. Ka6 Qd7 87. Rb5+ Kc4 88. Rb1 Qc6+ 89. Ka7 Qe4 90. Rb7 Kc5 91. Rc7+ Kb5 92. Rf7 Qd4+ 93. Kb8 Qd8+ 94. Ka7 Kc6 95. Rb7 Qd4+ 96. Kb8 Qd5 97. Ka7 Qd8 98. Rb1 Qd7+ 99. Ka8 Qd8+ 100. Ka7 Qe7+ 101. Kb8 Qf8+ 102. Ka7 Qf7+ 103. Kb8 Qg8+ 104. Ka7 Qh7+ {[%emt 0:00:00] What a fight!  Weighted Error Value: White=0.43/Black=0.46} 0-1

[Event "Charlotte Summer IM C 2022"]
[Site "Charlotte"]
[Date "2022.07.26"]
[Round "4.1"]
[White "Huston, Gus"]
[Black "Arjun, Vishnuvardhan"]
[Result "1-0"]
[ECO "B00"]
[WhiteElo "2282"]
[BlackElo "2273"]
[Annotator "TA"]
[PlyCount "53"]
[EventDate "2022.07.24"]
[EventType "tourn"]
[EventCountry "USA"]
[SourceTitle "playchess.com"]
[Source "ChessBase"]
[SourceQuality "1"]
[TimeControl "5400+30"]

1. e4 a6 2. d4 b5 3. a4 b4 4. Bd3 Bb7 5. Nf3 e6 6. O-O {[%emt 0:00:47] B00: Queen's Fianchetto Defence, Nimzowitsch Defence.} Nf6 7. e5 Nd5 8. c4 {[%emt 0:01:50] White is better.} bxc3 9. bxc3 c5 {[%emt 0:00:31] [#]} 10. Ng5 $146 {[%emt 0:16:24] Qf3 is the strong threat.} ({Predecessor:} 10. Be4 Bc6 11. c4 Ne3 12. Bxe3 Bxe4 13. d5 Qa5 14. Nbd2 exd5 15. Nxe4 dxe4 16. Qd5 exf3 17. Qxa8 {1-0 (25) Rakhmangulova,A (2229)-Shilov,S (2030) Frydek Mistek 2022}) 10... Be7 {[%emt 0:06:51] [#]} 11. Qh5 {[%emt 0:05:48][%csl Gg5][%cal Rh5f7] White is more active.} ({Weaker is} 11. Nxh7 g6 12. Nf6+ (12. Qb3 Bc6 $15) 12... Nxf6 13. exf6 Bxf6 14. dxc5 Qc7 $15) 11... Bxg5 $2 (11... g6 $16 12. Qh6 Bf8) 12. Bxg5 $18 Qb6 (12... Qc7 13. Nd2 Nb6) 13. Nd2 Qc6 14. Ne4 O-O 15. f3 {[%emt 0:09:08][%cal Oe4f6] White wants to mate with Nf6+!} f5 16. exf6 g6 17. Qh6 Rf7 {[%emt 0:00:05] Inhibits Qg7+.} 18. Nxc5 Nxf6 {[%emt 0:05:31] [#]} 19. Bxg6 $1 hxg6 20. Qxg6+ Rg7 21. Qxf6 {[%emt 0:00:12] Bh6 would kill now.} Rf7 22. Qg6+ Kf8 23. Rab1 {[%emt 0:01:22] Intending Bh6+ and mate.} Bc8 24. Bh6+ {[%emt 0:00:13] White mates.} Ke7 25. Qg5+ Kd6 26. Ne4+ Kc7 27. Qa5+ {[%emt 0:00:30] Black got outplayed after the opening.  Weighted Error Value: White=0.00 (flawless) /Black=0.84} 1-0

[Event "Charlotte Summer IM C 2022"]
[Site "Charlotte"]
[Date "2022.07.26"]
[Round "4.2"]
[White "Rodriguez Rivera, Pedro"]
[Black "Girones Barrios, Yans Richard"]
[Result "1/2-1/2"]
[ECO "A48"]
[WhiteElo "2192"]
[BlackElo "2412"]
[Annotator "TA"]
[PlyCount "45"]
[EventDate "2022.07.24"]
[EventType "tourn"]
[EventCountry "USA"]
[SourceTitle "playchess.com"]
[Source "ChessBase"]
[SourceQuality "1"]
[TimeControl "5400+30"]

1. d4 d5 2. Nf3 c5 3. e3 Nf6 4. c3 Nbd7 5. Bd3 Qc7 6. Nbd2 g6 7. O-O Bg7 {[%emt 0:00:43] The position is equal.} 8. e4 {[%emt 0:03:17] A48: 1 d4 Nf6 2 Nf3 g6: Torre, London and Colle Systems.} dxe4 9. Nxe4 O-O 10. Nxf6+ Nxf6 11. Qe2 {[%emt 0:04:22] [#]} Rd8 $146 ({Predecessor:} 11... cxd4 12. Nxd4 Re8 13. Bg5 a6 14. Rfe1 Bd7 15. Nf3 Bc6 16. Qe5 Qb6 {0-1 (39) Nakamura,J-Assef,N (1486) Sao Paulo 2012}) 12. dxc5 Qxc5 13. Bf4 Nh5 14. Be3 Qc7 15. Bc2 b6 16. Be4 Be6 17. Bxa8 {[%emt 0:01:54] Threatens to win with Be4.} Bc4 {[%emt 0:00:16] [#]} 18. Qc2 Bxf1 19. Rxf1 Rxa8 20. Rd1 Rc8 21. Qd3 Nf6 22. Bd4 Rd8 23. Qe2 {[%emt 0:00:49] An interesting draw.  Weighted Error Value: White=0.06 (flawless) /Black=0.05 (flawless)} 1/2-1/2

[Event "Charlotte Summer IM C 2022"]
[Site "Charlotte"]
[Date "2022.07.26"]
[Round "4.3"]
[White "Wen, Tommy"]
[Black "Adewumi, Tanitoluwa"]
[Result "1/2-1/2"]
[ECO "E17"]
[WhiteElo "2040"]
[BlackElo "2309"]
[Annotator "TA"]
[PlyCount "109"]
[EventDate "2022.07.24"]
[EventType "tourn"]
[EventCountry "USA"]
[SourceTitle "playchess.com"]
[Source "ChessBase"]
[SourceQuality "1"]
[TimeControl "5400+30"]

1. d4 Nf6 2. c4 e6 3. Nf3 b6 4. g3 Bb7 5. Bg2 Be7 6. O-O O-O 7. Re1 d5 {[%emt 0:01:35] E17: Queen's Indian: 4 g3 Bb7 5 Bg2 Be7.} 8. cxd5 Nxd5 (8... exd5 $11 9. Nc3 Nc6) 9. e4 $14 Nf6 {[%emt 0:00:05] White is slightly better.} 10. Nc3 c5 {[%emt 0:01:47] [#]} 11. d5 $1 exd5 12. exd5 Re8 (12... Nxd5 $2 13. Ne5 Nd7 14. Bxd5 $18) 13. Ne5 {[%emt 0:04:39] [#]} h6 $146 (13... Bd6 $142 14. Nc4 Rxe1+ 15. Qxe1 h6) ({Predecessor:} 13... Bd6 14. Nc4 Bf8 15. Bf4 a6 16. Rxe8 Nxe8 17. a4 Nd7 18. h4 Ra7 19. Qb3 Ba8 {1-0 (31) Nyback,T (2565)-Berczes,C (2419) Stockholm 2008}) 14. Nc4 {[%emt 0:13:43] White is much more active. The black rooks are badly placed.} (14. Bf4 $142) 14... Bf8 15. Bf4 a6 (15... Rxe1+ $142 16. Qxe1 Nbd7) 16. a4 Rxe1+ 17. Qxe1 b5 {[%emt 0:03:27] [#]} 18. axb5 ({Better is} 18. Ne5 $1 $16) 18... axb5 $11 19. Rxa8 Bxa8 20. Nxb5 {[%emt 0:01:21] Black must now prevent Qa5.} Bxd5 21. Qd2 Qd7 (21... Nc6 {keeps more tension.} 22. Ne3 Bxg2 23. Qxd8 Nxd8 24. Kxg2 Nc6) 22. Bxd5 (22. Nb6 {seems wilder.} Qxb5 23. Nxd5 Nbd7 24. Nxf6+ Nxf6 25. Be5) 22... Nxd5 {[%emt 0:03:19] The position is equal.} 23. Bxb8 Qxb5 24. Qxd5 Qxb8 $14 {[%emt 0:00:08][%mdl 4096] Endgame KQB-KQN} 25. Ne5 Qe8 26. Nd7 Qd8 27. Qc6 Qe7 28. Qc8 g6 29. Kg2 {[%emt 0:00:55] aiming for Kf3.} Qe4+ 30. Kg1 Qb1+ 31. Kg2 Qe4+ 32. Kg1 Qe7 33. Kg2 Qd6 34. Kf3 Qd5+ 35. Ke2 Qc4+ 36. Kd2 Qd4+ 37. Kc1 Qd6 38. Kc2 Kg7 39. Qxf8+ Qxf8 40. Nxf8 Kxf8 $11 {[%emt 0:00:10] KP-KP} 41. Kc3 {[%emt 0:01:44] Strongly threatening Kc4.} Ke7 42. Kc4 Kd6 43. f4 f5 44. h4 Kc6 $1 45. b3 h5 46. Kd3 Kd7 47. Kc4 Kd6 48. Kc3 $1 Kd5 49. Kd3 Kd6 50. Kc3 Kc7 51. Kc4 Kc6 52. Kd3 Kb5 53. Kc3 Kc6 54. Kc4 Kd6 55. Kc3 {[%emt 0:00:07] Weighted Error Value: White=0.07 (flawless) /Black=0.06 (flawless)} 1/2-1/2

[Event "Charlotte Summer IM C 2022"]
[Site "Charlotte"]
[Date "2022.07.26"]
[Round "4.4"]
[White "Venkat, Raghav"]
[Black "Xie, Bryan"]
[Result "1/2-1/2"]
[ECO "D02"]
[WhiteElo "2227"]
[BlackElo "2191"]
[Annotator "TA"]
[PlyCount "53"]
[EventDate "2022.07.24"]
[EventType "tourn"]
[EventCountry "USA"]
[SourceTitle "playchess.com"]
[Source "ChessBase"]
[SourceQuality "1"]
[TimeControl "5400+30"]

1. d4 d5 2. Nf3 Nf6 3. Bf4 Bf5 4. e3 e6 5. Bd3 Bg6 6. Qe2 {[%emt 0:01:00] D02: 1 d4 d5 2 Nf3 sidelines, including 2...Nf6 3 g3 and 2...Nf6 3 Bf4.} Bd6 7. Nbd2 {[%emt 0:03:02] [#]} Qe7 $146 ({Predecessor:} 7... Bxf4 8. exf4 Bxd3 9. Qxd3 Qd7 10. O-O O-O 11. Rae1 Na6 12. c3 c5 13. Re3 cxd4 14. Qxd4 {1-0 (48) Yarmonov,I (2394)-Sekac,M (1928) Ruzomberok 2017}) 8. Ne5 {[%emt 0:04:34] White has an edge.} Nh5 9. Nxg6 hxg6 10. Bxd6 Qxd6 11. O-O-O Nc6 12. Bb5 O-O-O 13. Bxc6 Qxc6 14. Nf3 Nf6 15. Ne5 Qe8 16. h4 Qe7 17. g4 Nd7 18. Nxd7 Rxd7 19. h5 g5 20. f4 Qf6 21. Rhf1 g6 {[%emt 0:01:17] The position is equal.} 22. hxg6 Qxg6 23. f5 Qf6 24. fxe6 Qxe6 25. Rf5 f6 26. Rdf1 Rh6 27. Qf3 {[%emt 0:02:45] Weighted Error Value: White=0.08 (flawless) /Black=0.09 (flawless)} 1/2-1/2